Ben, chaotic male elven Wizard ----- $ #.....######---------------- ###|...| #|..............+# --------------- # |...+# $ #|.......(.<....|#####..............| ### |...|# #|...............#####|.............| ----------------# |...|# #|......I@......| #.............$| |..............|# |...|# #-.------.------- |.............| |.?$...........|# -----# #####[)# # ###########..............| |.......>......|# # # # ------.-------- |..............+# # # $ # $ * # ---------------- # # # # # # # # # # # # # ## ####################### # $ # -----.-----.-- --.---+--+- $ ###|............| $ |......*..| * #.............| $ |$........| $ |............| |.........| $ ---------|---- --------+-- # # Ben the Thaumaturge Experience level: 8 Strength: 17 Dexterity: 14 Constitution: 16 Intelligence: 20 Wisdom: 10 Charisma: 8 Health: 0(58) Energy: 101(101) AC: 5 Gold: 1749 Moves: 2035 Your Inventory: Coins $ - 1749 gold pieces Weapons a - an uncursed +1 quarterstaff (weapon in hands) Armor b - an uncursed +0 cloak of magic resistance (being worn) q - a blessed +1 orcish helm (being worn) H - an uncursed +0 pair of iron shoes (being worn) N - a [blessed +1] bronze plate mail Comestibles L - an [uncursed] food ration Spellbooks l - a blessed spellbook of force bolt m - an uncursed spellbook of healing M - an [uncursed] spellbook of restore ability Potions f - 2 uncursed potions of extra healing Rings d - an uncursed +7 ring of gain strength (on right hand) e - an uncursed ring of protection from shape changers (on left hand) D - an uncursed ring of polymorph control Wands c - an uncursed wand of make invisible (0:7) w - an uncursed wand of fire (0:0) y - an [uncursed] wand of striking [0:1] Tools n - an uncursed blindfold o - an uncursed bell z - an [uncursed] key [skeleton key] Spells known in the end: Name Level Category Fail Memory a - force bolt 1 attack 3% [||||||||] b - healing 1 healing 3% [||||||||] c - restore ability 4 healing 99% [||||||||] Your skills at the end: Fighting Skills Weapon Skills quarterstaff [Basic / Expert] Spellcasting Skills attack spells [Basic / Expert] enchantment spells [Basic / Skilled] Final Attributes: You were devoutly aligned. Hunger level was 204. Your alignment was 19 / 20. Monster difficulty range was 0 - 6. Level difficulty was 5. You were immune to sleep. You were magic-protected. You were blinded. You saw invisible. You had infravision. You were protected from shape changers. Your luck was zero. You are dead. Vanquished creatures: a shopkeeper a large mimic 2 Mordor orcs a rock piercer 2 shriekers a gray ooze a dwarf an orc zombie a dwarf zombie an acid blob a coyote 2 manes a giant rat 2 yellow molds a gnome 5 jackals a fox 2 goblins 4 grid bugs 2 bats 6 lichens 3 kobold zombies a newt 43 creatures vanquished. Voluntary challenges: You were an atheist. You used a wielded weapon 51 times. You read items or engraved 6 times. You put on armor 3 times. You never genocided any monsters. You never polymorphed an object. You never changed form. You used no wishes. You never wrote Elbereth's name. You never encountered a bones level. You never used any Sokoban shortcuts. Dungeon overview: The Dungeons of Doom: levels 1 to 5 Level 1 a long staircase Level 2 a long staircase Level 3 a potion shop Level 5 <- You were here History has recorded: On T:1 you entered the Dungeons of Doom to retrieve the Amulet of Yendor! On T:314 you advanced to experience level 2. On T:544 you reached level 2 of The Dungeons of Doom. On T:631 you advanced to experience level 3. On T:879 you reached level 3 of The Dungeons of Doom. On T:975 you advanced to experience level 4. On T:1040 you advanced to experience level 5. On T:1060 you advanced to experience level 6. On T:1405 you reached level 4 of The Dungeons of Doom. On T:1694 you advanced to experience level 7. On T:1824 you reached level 5 of The Dungeons of Doom. On T:1851 you advanced to experience level 8. Latest messages: [HP-7=42] The hill orc thrusts her crude dagger. The hill orc hits! [HP-9=33] The hill orc thrusts her crude dagger. The hill orc hits! The hill orc thrusts his crude dagger. The hill orc hits! [HP-15=18] The hill orc thrusts her crude dagger. The hill orc hits! The hill orc thrusts his crude dagger. The hill orc hits! The hill orc hurls an uncursed potion of blindness! The flask crashes on your head and breaks into shards. It suddenly gets dark. You can move again. [HP-11=7] [5 turns] Wait! There's something there you can't see! It hits! You die... Final status: Goodbye Ben the Wizard... You died in The Dungeons of Doom on dungeon level 5 with 1981 points, and 1749 pieces of gold, after 2035 moves. You were level 8 with a maximum of 58 hit points when you died.